 Dungeon Crawl Stone Soup version 0.19.0-2-gae57169 (webtiles) character file.

99 Jerry the Shield-Bearer (level 5, 0/42 HPs)
             Began as a Formicid Fighter on Nov 3, 2016.
             Slain by Crazy Yiuf
             ... wielding a +3 quarterstaff of chaos
              (4 damage)
             ... on level 2 of the Dungeon.
             The game lasted 00:04:51 (1735 turns).

Jerry the Shield-Bearer (Formicid Fighter)          Turns: 1735, Time: 00:04:52

Health: 0/42       AC:  7    Str: 21    XL:     5   Next: 2%
Magic:  4/5        EV:  8    Int:  7    God:
Gold:   76         SH: 10    Dex: 16    Spells: 0 memorised, 4 levels left

rFire  . . .     SeeInvis +     n - +0 dagger (vamp)
rCold  . . .     Gourm    .     b - +0 scale mail
rNeg   . . .     Faith    .     c - +0 shield
rPois  .         Spirit   .     (helmet unavailable)
rElec  .         Reflect  .     (no cloak)
rCorr  .         Harm     .     (no gloves)
MR     .....                    (no boots)
Stlth  ..........               (no amulet)
                                (no ring)
                                f - +5 ring of dexterity

@: lethally poisoned (0 -> -7), very slightly contaminated
A: permanent stasis, dig shafts and tunnels, four strong arms, antennae 3
a: Dig, Shaft Self


You were on level 2 of the Dungeon.
You were hungry.

You visited 1 branch of the dungeon, and saw 2 of its levels.
You visited the Abyss 1 time.

You collected 76 gold pieces.

Inventory:

Hand Weapons
 a - a +0 long sword
 g - a +2 dagger of freezing
 n - a +0 vampiric dagger (weapon)
Armour
 b - a +0 scale mail (worn)
 c - a +0 shield (worn)
Jewellery
 f - a +5 ring of dexterity (left hand)
Scrolls
 i - 3 scrolls of identify {unknown}
 j - a scroll of immolation {unknown}
 l - 2 scrolls of remove curse {unknown}
 m - a scroll of fog {unknown}
 p - a scroll of teleportation {unknown}
Potions
 d - 2 potions of might
 e - a potion of curing {unknown}
 h - a potion of agility {unknown}
Comestibles
 k - a meat ration
 o - a beef jerky


   Skills:
 + Level 4.0 Fighting
 + Level 2.6 Long Blades
 + Level 4.1 Armour
 + Level 4.6 Shields


You had 4 spell levels left.
You didn't know any spells.

Dungeon Overview and Level Annotations

Branches:
Dungeon (2/15)

Altars:

Annotations:
D:2 Crazy Yiuf


Innate Abilities, Weirdness & Mutations

You are under a permanent stasis effect.
You can dig through walls and to a lower floor.
Your four strong arms can wield two-handed weapons with a shield.
You have a pair of large antennae on your head. (SInv)


Message History

Crazy Yiuf is lightly wounded.
Crazy Yiuf closely misses you.
You hit Crazy Yiuf but do no damage.
Crazy Yiuf is lightly wounded.
You hit Crazy Yiuf.
Crazy Yiuf is moderately wounded.
Crazy Yiuf says, "Key sing down!"
You block Crazy Yiuf's attack.
You hit Crazy Yiuf.
Crazy Yiuf is heavily wounded.
Crazy Yiuf hits you with a quarterstaff of chaos.
* * * LOW HITPOINT WARNING * * *
You are lethally poisoned!
You closely miss Crazy Yiuf.
Crazy Yiuf is heavily wounded.
* * * LOW HITPOINT WARNING * * *
You feel sick.
Crazy Yiuf yells, "Trifle forty-two tea!"
Crazy Yiuf hits you with a quarterstaff of chaos.
You die...

...#.......####.....#
...#................#
...#................#
...#...##############
.......#
.....#.#######
.....#.+.P.#.### ####
.....#......#..##g..#
.........P.####.@...#
.......+..## ###..)#
.......#### ####
.......# .......#
.....(.###############
.#..>.........#......#
.#...................#
.#...##..............#


You could see Crazy Yiuf.

Vanquished Creatures
  Jessica (D:2)
  An adder (D:2)
  An ooze (D:1)
  2 dart slugs (D:1)
  A leopard gecko (D:2)
  8 bats
  3 giant cockroaches
  5 goblins
  4 hobgoblins
  6 jackals (D:2)
  4 kobolds
  3 quokkas (D:2)
  2 ball pythons
  4 frilled lizards
  5 rats
50 creatures vanquished.

Notes
Turn   | Place    | Note
-------+----------+-------------------------------------------
     0 | D:1      | Jerry the Formicid Fighter began the quest for the Orb.
     0 | D:1      | Reached XP level 1. HP: 18/18 MP: 1/1
   162 | D:1      | Reached XP level 2. HP: 21/24 MP: 2/2
   349 | D:1      | Reached XP level 3. HP: 29/29 MP: 3/3
  1165 | D:2      | Reached XP level 4. HP: 19/37 MP: 4/4
  1433 | D:2      | Noticed Jessica
  1450 | D:2      | Killed Jessica
  1547 | D:2      | Reached XP level 5. HP: 42/42 MP: 5/5
  1691 | D:2      | Found a runed door.
  1695 | D:2      | Noticed Crazy Yiuf
  1702 | D:2      | Cast into level 1 of the Abyss (Crazy Yiuf)
  1720 | D:2      | Escaped the Abyss
  1735 | D:2      | Slain by Crazy Yiuf

Skill      XL: |  1  2  3  4 |
---------------+-------------+-----
Shields        | 4 |  4.6
Armour         | 4 |  4.1
Fighting       | 4 |  4.0
Long Blades    | |  2.6

Action                   |  1- 3 |  4- 6 || total
-------------------------+-------+-------++-------
Melee: Long sword        |    30 |       ||    30
       Dagger            |    73 |   144 ||   217
  Eat: Bread ration      |     1 |       ||     1
       Beef jerky        |     1 |       ||     1
       Chunk             |     1 |       ||     1
Armor: Scale mail        |    47 |    52 ||    99
Dodge: Dodged            |    27 |    55 ||    82
Block: Shield            |    58 |    86 ||   144
       Rpst.: Long sword |     3 |       ||     3
